 Dungeon Crawl Stone Soup version 0.24-a0-498-ge00f04a389 (webtiles) character file.

Game seed: 8195367227751734252

2016 Essalna the Conjurer (level 9, -1/52 HPs)
             Began as a Gargoyle Wizard on July 14, 2019.
             Was a Believer of Ashenzari.
             Slain by Majang's ghost (12 damage)
             ... on level 6 of the Dungeon.
             The game lasted 00:18:38 (6534 turns).

Essalna the Conjurer (Gargoyle Wizard)              Turns: 6534, Time: 00:18:39

Health: -1/52      AC:  9    Str: 20    XL:     9   Next: 23%
Magic:  18/18      EV: 12    Int: 21    God:    Ashenzari [**....]
Gold:   219        SH: 14    Dex: 17    Spells: 18/21 levels left

rFire    + + .     SeeInvis .   r - +7 long sword of Intimidation {pain, Stlth+} (curse)
rCold    + . .     Gourm    .   y - +4 shield of Beoc Copp {Str+3 Dex+9}
rNeg     + . .     Faith    .   a - +0 robe
rPois    ∞         Spirit   .   s - +0 helmet
rElec    +         Reflect  .   v - scarf {rC+ rF+} (curse)
rCorr    .         Harm     .   (no gloves)
MR       .....                  (no boots)
Stlth    +++.......             i - amulet of magic regeneration (curse)
HPRegen  0.17/turn              k - ring of protection from fire (curse)
MPRegen  0.41/turn              o - ring of flight

@: mighty, hasted, very quick
A: negative energy resistance 1, electricity resistance, unbreathing,
petrification resistance, rot immunity, AC +6
a: Curse Item, Scrying, Renounce Religion, Evoke Flight


You were on level 6 of the Dungeon.
You worshipped Ashenzari.
Ashenzari was pleased with you.
You were not hungry.

You visited 1 branch of the dungeon, and saw 6 of its levels.

You collected 397 gold pieces.
You spent 178 gold pieces at shops.

Inventory:

Hand Weapons
 e - a +0 short sword
 h - a +0 hunting sling
 r - the cursed +7 long sword of Intimidation (weapon) {pain, Stlth+}
   (You bought it in a shop on level 4 of the Dungeon)

   In the hands of one skilled in necromantic magic, it inflicts extra damage on
   living creatures.
   It makes you more stealthy.
   It has a curse placed upon it.
 x - a +2 spear of piercing
Armour
 a - a +0 robe (worn)
 b - a +0 hat
 s - a +0 helmet (worn)
 v - a cursed scarf of resistance (worn)
 y - the +4 shield of Beoc Copp (worn) {Str+3 Dex+9}
   (You found it on level 4 of the Dungeon)

   It affects your strength (+3).
   It affects your dexterity (+9).
Magical Staves
 H - an uncursed staff of air
Jewellery
 i - a cursed amulet of magic regeneration (around neck)
 k - a cursed ring of protection from fire (left hand)
 o - a ring of flight (right hand)
 t - a cursed ring of positive energy
 D - a +3 ring of intelligence
 F - an uncursed amulet of rage
Wands
 A - a wand of digging (3)
 G - a wand of scattershot (6)
Scrolls
 l - 2 scrolls of immolation
 m - 2 scrolls of fog {unknown}
 n - 3 scrolls of fear {unknown}
 p - 3 scrolls of blinking {unknown}
 z - a scroll of holy word {unknown}
 B - 2 scrolls of teleportation {unknown}
 K - a scroll of enchant weapon {unknown}
 L - a scroll of remove curse
Potions
 c - 5 potions of brilliance
 g - 2 potions of curing
 q - 6 potions of lignification
 w - a potion of degeneration
 C - a potion of mutation
 I - a potion of resistance
 J - a potion of might
Comestibles
 d - 8 rations


   Skills:
 + Level 4.5 Fighting
 + Level 3.8 Dodging
 - Level 2.1 Stealth
 + Level 4.5 Shields
 + Level 6.5 Spellcasting
 + Level 7.0(8.5) Conjurations
   Level 0.8(1.6) Summonings
 - Level 0.8(1.6) Translocations


You had 18 spell levels left.
You knew the following spells:

 Your Spells              Type           Power        Failure   Level  Hunger
a - Magic Dart            Conj           ####         1%          1    None
b - Blink                 Tloc           N/A          26%         2    None

Your spell library contained the following spells:

 Spells                   Type           Power        Failure   Level  Hunger
 Conjure Flame            Conj/Fire      ####....     17%         3    #......
 Call Imp                 Summ           ##......     26%         2    None
 Mephitic Cloud           Conj/Pois/Air  ###.....     30%         3    #......
 Slow                     Hex            #.......     45%         2    None


Dungeon Overview and Level Annotations

Branches:
Dungeon (6/15)             Temple (0/1) D:6

Altars:
Ashenzari
Dithmenos
Fedhas
Nemelex Xobeh
Okawaru
Qazlal
Ru
Sif Muna
Wu Jian
Xom

Shops:
D:4 (

Annotations:
D:6 Majang's ghost, novice BaGl


Innate Abilities, Weirdness & Mutations

You are resistant to torment.
Your stone body is resilient. (AC +6)
You are immune to poison.
You resist negative energy. (rN+)
You are resistant to electric shocks. (rElec)
You can survive without breathing.
You are immune to petrification.
You are immune to rotting.


Message History

Majang's ghost hits you!
You hit Majang's ghost.
Majang's ghost is moderately damaged.
Majang's ghost hits you!
* * * LOW HITPOINT WARNING * * *
Majang's ghost hits you but does no damage.
You hit Majang's ghost.
Majang's ghost is moderately damaged.
Majang's ghost closely misses you.
You feel yourself speed up. Majang's ghost hits you.
* * * LOW HITPOINT WARNING * * *
You feel much better. Majang's ghost hits you!
Okay, then.
Unknown command.
You barely miss Majang's ghost.
Majang's ghost is moderately damaged.
Majang's ghost hits you!
* * * LOW HITPOINT WARNING * * *
You feel better. Majang's ghost hits you!
You die...

..##........#.#######
....................#
.................####
.......####>..####
.####.## #...# .# #.#
#...# .#
#.#####...#########
.####.................#
................@...###
.####..####..###W##.#
.# #..# #..##(..#.# .#
#..# #..##.?.#.# .#
#..# #..##.|.#.### .#
#..# #...#####...#
.####..# #..## #.#.#
.......# #..# #...#
.#####.# #..# #####


You could see Majang's ghost.

Vanquished Creatures
  Sigmund (D:2)
  Duvessa (D:6)
  A water moccasin (D:6)
  2 ice beasts (D:6)
  A sky beast (D:3)
  A necrophage (D:5)
  A centaur (D:6)
  A big kobold (D:6)
  Dowan (D:6)
  A scorpion (D:6)
  2 crimson imps
  A jelly (D:5)
  5 hounds
  2 bullfrog skeletons (D:6)
  A centaur skeleton (D:6)
  Jessica (D:3)
  7 worker ants
  Natasha (thrice) (D:4)
  2 orc wizards (D:3)
  A killer bee zombie (D:5)
  A hound zombie (D:5)
  A hound skeleton (D:4)
  Robin (D:3)
  11 gnolls
  A worker ant zombie (D:6)
  9 adders
  A shadow imp (D:6)
  3 oozes
  2 adder zombies (D:6)
  3 worms
  3 dart slugs
  3 leopard geckos
  10 orcs
  2 giant cockroaches
  12 goblins
  9 hobgoblins
  16 jackals
  2 quokkas
  3 ball pythons
  3 bats
  2 frilled lizards (D:1)
  A jackal skeleton (D:6)
  6 kobolds
  5 rats
146 creatures vanquished.

Notes
Turn   | Place    | Note
-------+----------+-------------------------------------------
     0 | D:1      | Essalna the Gargoyle Wizard began the quest for the Orb.
     0 | D:1      | Reached XP level 1. HP: 10/10 MP: 4/4
     6 | D:1      | Noticed a water moccasin
     6 | D:1      | Noticed a hound
    42 | D:1      | Noticed a wyvern
    42 | D:1      | Noticed a redback
   129 | D:1      | Reached XP level 2. HP: 13/15 MP: 6/6
   646 | D:1      | Reached skill level 2 in Conjurations
  1037 | D:2      | Noticed Sigmund
  1088 | D:2      | Reached XP level 3. HP: 18/19 MP: 2/8
  1321 | D:2      | Reached skill level 3 in Conjurations
  1321 | D:2      | Reached XP level 4. HP: 24/24 MP: 4/9
  1412 | D:2      | Found a blossoming altar of Fedhas.
  1601 | D:2      | Found an ornate altar of the Wu Jian Council.
  1928 | D:3      | Noticed Jessica
  1934 | D:3      | Killed Jessica
  1934 | D:3      | Reached XP level 5. HP: 28/28 MP: 6/11
  1941 | D:3      | Found a deep blue altar of Sif Muna.
  2120 | D:3      | Noticed a sky beast
  2135 | D:3      | Reached skill level 4 in Conjurations
  2144 | D:3      | Killed a sky beast
  2144 | D:3      | Reached XP level 6. HP: 27/32 MP: 1/13
  2236 | D:3      | Reached skill level 5 in Spellcasting
  2276 | D:3      | Reached skill level 5 in Conjurations
  2408 | D:3      | Noticed Robin
  2417 | D:3      | Killed Robin
  2462 | D:3      | Learned a level 2 spell: Blink
  2717 | D:4      | Found Mefach's Antique Weapon Shoppe.
  2722 | D:4      | Bought a slimy long sword for 178 gold pieces
  2722 | D:4      | Identified the +7 long sword of Intimidation {pain, Stlth+}
                  | (You bought it in a shop on level 4 of the Dungeon)
  2804 | D:4      | Got an encrusted shield
  2810 | D:4      | Identified the +4 shield of Beoc Copp {Str+3 Dex+9} (You
                  | found it on level 4 of the Dungeon)
  2814 | D:4      | Noticed Natasha
  2823 | D:4      | Killed Natasha
  2886 | D:4      | You fall into a shaft and drop 1 floor!
  2886 | D:5      | Entered Level 5 of the Dungeon
  2886 | D:5      | Found a shattered altar of Ashenzari.
  2910 | D:5      | Reached XP level 7. HP: 32/37 MP: 14/14
  2935 | D:5      | Became a worshipper of Ashenzari the Shackled
  2972 | D:5      | Reached skill level 1 in Fighting
  2972 | D:5      | Reached skill level 1 in Shields
  3255 | D:5      | Found a sacrificial altar of Ru.
  3544 | D:4      | Noticed Natasha
  3557 | D:4      | Killed Natasha
  3622 | D:4      | Noticed Natasha
  3646 | D:4      | Killed Natasha
  4114 | D:4      | Found a stormy altar of Qazlal.
  4142 | D:4      | Reached * piety under Ashenzari
  4395 | D:2      | Killed Sigmund
  4395 | D:2      | Reached XP level 8. HP: 36/45 MP: 16/16
  4551 | D:5      | Found a shadowy altar of Dithmenos.
  4718 | D:5      | Reached skill level 6 in Conjurations
  5100 | D:6      | Noticed Duvessa
  5100 | D:6      | Noticed Dowan
  5118 | D:6      | Killed Duvessa
  5127 | D:6      | Killed Dowan
  5564 | D:6      | Noticed Majang's ghost (novice BaGl)
  5589 | D:6      | Found a runed translucent door.
  5624 | D:6      | Found a staircase to the Ecumenical Temple.
  5855 | D:6      | Reached XP level 9. HP: 46/52 MP: 18/18
  6110 | D:6      | Reached ** piety under Ashenzari
  6234 | D:6      | Found an iron altar of Okawaru.
  6309 | D:6      | Reached skill level 7 in Conjurations
  6370 | D:6      | Found a glowing golden altar of the Shining One.
  6372 | D:6      | Found a stormy altar of Qazlal.
  6372 | D:6      | Found a shadowy altar of Dithmenos.
  6377 | D:6      | Found a shimmering altar of Xom.
  6377 | D:6      | Found a sparkling altar of Nemelex Xobeh.
  6377 | D:6      | Found an iron altar of Okawaru.
  6533 | D:6      | HP: 1/52 [Majang's ghost (16)]
  6534 | D:6      | Slain by Majang's ghost

Levels and vault maps discovered:
D:1:      onia_arrival_zoo_common, layout_loops_ring
D:2:      layout_loops_ring, lemuel_crystal_altar, fedhas_altar_3, uniq_sigmund
D:3:      layout_loops_cross, first_ration, minmay_door_square, tgw_sif,
          uniq_robin
D:4:      layout_basic, lemuel_round_altar, serial_shops, shop_fountains,
          uniq_natasha
D:5:      layout_loops_corners, nicolae_ashenzari_panopticon, kennysheep_mini,
          nicolae_ru_sacrificial_ziggurat
D:6:      layout_basic, old_standard_altar, doesnt_xom_only_xom,
          minmay_temple_entry_statues_fountains, ebering_ghost_inner_flame,
          minmay_misc_feat_room, uniq_duvessa

Skill      XL: |  1  2  3  4  5  6  7  8  9 |
---------------+----------------------------+-----
Conjurations   | 2 3 4 5 6 7 |  7.0
Spellcasting   | 4 5 6 |  6.5
Fighting       | 2 4 |  4.5
Dodging        | 2 3 |  3.8
Shields        | 2 4 |  4.5
Stealth        | |  2.1
Summonings     | |  0.8
Translocations | |  0.8

Action                   |  1- 3 |  4- 6 |  7- 9 || total
-------------------------+-------+-------+-------++-------
Melee: Short sword       |    27 |    32 |       ||    59
       Spear             |       |    17 |       ||    17
       Long sword        |       |    14 |   228 ||   242
 Cast: Magic Dart        |    70 |   147 |    22 ||   239
Invok: Curse Item        |       |       |     4 ||     4
  Use: Scroll            |       |       |     8 ||     8
       Potion            |       |       |     4 ||     4
 Stab: Sleeping          |     1 |     7 |    11 ||    19
       Distracted        |       |       |     1 ||     1
  Eat: Chunk             |     1 |     5 |     7 ||    13
       Ration            |       |       |     2 ||     2
Armor: Robe              |    10 |    40 |    72 ||   122
Dodge: Dodged            |    30 |    52 |   115 ||   197
Block: Shield            |       |     2 |   192 ||   194
       Rpst.: Long sword |       |     2 |    36 ||    38

Table legend:
 A = Non-vault XP
 B = Vault XP
 C = Vault XP percentage of total XP
 D = Non-vault monster count
 E = Vault monster count
 F = Vault count percentage of total count
                 A         B        C        D         E       F
            +---------+---------+-------+---------+---------+-------
      Total |    2219 |     662 |  23.0 |     129 |      17 |  11.6
            +---------+---------+-------+---------+---------+-------
        D:1 |      29 |       0 |   0.0 |      17 |       0 |   0.0
        D:2 |      64 |     227 |  78.0 |      14 |       1 |   6.7
        D:3 |     358 |      71 |  16.6 |      31 |      12 |  27.9
        D:4 |     144 |      35 |  19.6 |       9 |       1 |  10.0
        D:5 |     601 |       0 |   0.0 |      24 |       0 |   0.0
        D:6 |    1023 |     329 |  24.3 |      34 |       3 |   8.1
            +---------+---------+-------+---------+---------+-------
